 Dungeon Crawl Stone Soup version 0.29-a0-322-g68df515428 (webtiles) character file.

Game seed: 11900355643470540960

85 kae the Firebug (level 4, 0/25 HPs)
             Began as a Tengu Fire Elementalist on Apr 7, 2022.
             Slain by a gnoll
             ... wielding a +0 club
              (4 damage)
             ... on level 1 of the Dungeon.
             The game lasted 00:00:57 (2257 turns).

kae the Firebug (Tengu Fire Elementalist)           Turns: 2257, Time: 00:00:57

Health: 0/25       AC:  2    Str:  8    XL:     4   Next: 48%
Magic:  17/17      EV: 12    Int: 18    God:
Gold:   88         SH:  0    Dex: 14    Spells: 6/7 levels left

rFire   . . .      SeeInvis .   c - +2 whip (venom)
rCold   . . .      Faith    .   (no shield)
rNeg    . . .      Spirit   .   a - +0 robe
rPois   .          Reflect  .   (helmet restricted)
rElec   .          Harm     .   (no cloak)
rCorr   .          Rampage  .   (no gloves)
Will    .....                   (boots unavailable)
Stlth   ++........              (no amulet)
HPRegen 0.08/turn               f - ring of magical power
MPRegen 0.15/turn               (no ring)

@: mighty
A: beak, talons 3
a: no special abilities


You were on level 1 of the Dungeon.
You visited 1 branch of the dungeon, and saw 2 of its levels.

You collected 88 gold pieces.

Inventory:

Hand Weapons
 c - a +2 whip of venom (weapon)
Armour
 a - a +0 robe (worn)
Jewellery
 f - a ring of magical power (left hand)
Scrolls
 d - 3 scrolls of identify {unknown}
 e - a scroll of enchant armour {unknown}
 h - a scroll of magic mapping {unknown}
 j - a scroll of silence {unknown}
Potions
 b - a potion of magic
 g - 2 potions of cancellation
 k - a potion of heal wounds {unknown}
 l - a potion of curing {unknown}
 m - a potion of lignification {unknown}
 n - a potion of mutation {unknown}


   Skills:
 + Level 1.2 Fighting
 + Level 1.4 Armour
 + Level 2.6 Dodging
 - Level 2.0 Stealth
 + Level 2.3 Spellcasting
 + Level 2.2 Conjurations
 * Level 4.2 Fire Magic


You had 6 spell levels left.
You knew the following spells:

 Your Spells              Type           Power      Damage    Failure   Level
a - Foxfire               Conj/Fire      52%        2x1d6     4%          1

Your spell library contained the following spells:

 Spells                   Type           Power      Damage    Failure   Level
 Scorch                   Fire           34%        2d7       4%          2
 Conjure Flame            Conj/Fire      13%        6-21      14%         3
 Sandblast                Erth           4%         2d4       19%         1
 Slow                     Hex            8%         N/A       19%         1
 Inner Flame              Hex/Fire       9%         N/A       22%         3
 Passwall                 Tmut/Erth      1%         N/A       26%         2
 Stone Arrow              Conj/Erth      12%        3d7       32%         3
 Flame Wave               Conj/Fire      13%        2d6       41%         4
 Confusing Touch          Hex            2%         N/A       47%         3
 Vampiric Draining        Necr           2%         2d6       47%         3


Dungeon Overview and Level Annotations

Branches:
Dungeon (2/15)

Altars:


Innate Abilities, Weirdness & Mutations

You have a beak for a mouth.
You have claws for feet.


Message History

There is a stone staircase leading down here.
You hit the gnoll.
The gnoll is poisoned.
You claw the gnoll. You peck the gnoll, but do no damage.
The gnoll is heavily wounded.
The gnoll misses you.
You barely miss the gnoll. Your kick misses the gnoll.
The gnoll is severely wounded.
You kill the gnoll!
No target in view!
No target in view!
You start resting.
HP restored.
You climb downwards.
The gnoll closely misses you. The gnoll misses you.
The hobgoblin closely misses you. The gnoll hits you with a +0 club.
The hobgoblin closely misses you. The gnoll closely misses you.
There is a stone staircase leading up, spattered with blood here.
The gnoll closely misses you. The gnoll hits you with a +0 club!
The hobgoblin misses you.
You climb upwards.
There is a stone staircase leading down here.
You are too injured to fight recklessly!
You are too injured to fight recklessly!
The hobgoblin attacks as you move away! The hobgoblin barely misses you.
The gnoll attacks as you move away! The gnoll hits you with a +0 club.
You closely miss the gnoll. You claw the gnoll.
The gnoll is lightly wounded.
The gnoll hits you with a +0 club.
You hit the gnoll. Your kick misses the gnoll.
The gnoll is moderately wounded.
The gnoll misses you.
You barely miss the gnoll.
The gnoll is moderately wounded.
The gnoll hits you with a +0 club.
* * * LOW HITPOINT WARNING * * *
It was a potion of cancellation.
You feel magically purged. The gnoll closely misses you.
It was a potion of might.
You feel very mighty all of a sudden. The gnoll hits you with a +0 club.
You die...

........# #..#
#..............# .8.⌠.8..#
#.## ###.#...........
........# #.#
#.#........... #######.#
#.# #.#...........
######.###.##
###.#....)......
#...........###
#...#..#.)#.....
#.####..#.....#
#.###........... #.#
#......).###.###.##........
#.#
#.......gg@......##.###..##
#.# #........###.######.#
#..## #.#
##.#.....###.######.###..#.
#.#
#....#....#..>............
#.#
####..^##.########.###.##.
#.# ##.###.# #.# #....
#.#########.# #.# #.# ####.
#...........# #.# #.# #.
############# #.########.#
#.


You could see a gnoll and a hobgoblin.

Vanquished Creatures
  A gnoll (D:1)
  4 adders (D:2)
  A worm (D:2)
  2 ball pythons
  4 endoplasms
  2 giant cockroaches (D:1)
  2 goblins
  3 hobgoblins (D:2)
  4 jackals (D:1)
  4 bats
  4 kobolds
  4 rats
35 creatures vanquished.

Vanquished Creatures (others)
  50 foxfires
50 creatures vanquished.

Grand Total: 85 creatures vanquished

Notes
Turn   | Place    | Note
-------+----------+-------------------------------------------
     0 | D:1      | kae the Tengu Fire Elementalist began the quest for the
                  | Orb.
     0 | D:1      | Reached XP level 1. HP: 10/10 MP: 4/4
   566 | D:1      | Reached XP level 2. HP: 16/16 MP: 4/6
   837 | D:1      | Found a faded altar of an unknown god.
  1491 | D:2      | Reached XP level 3. HP: 20/20 MP: 7/7
  1500 | D:2      | Reached skill level 1 in Armour
  1559 | D:2      | Reached skill level 1 in Fighting
  1559 | D:2      | Reached skill level 4 in Fire Magic
  1863 | D:2      | Reached XP level 4. HP: 25/25 MP: 8/8
  2257 | D:1      | Slain by a gnoll

Illustrated notes

Levels and vault maps discovered:
D:1:      lemuel_arrival_hallway, layout_loops_ring,
          hellmonk_ecumenical_altar_dog_temple
D:2:      layout_rooms

Skill      XL: |  1  2  3 |
---------------+----------+-----
Armour         | 1 |  1.4
Conjurations   | 2 |  2.2
Fighting       | 1 |  1.2
Fire Magic     | 4 |  4.2
Dodging        | |  2.6
Stealth        | |  2.0
Spellcasting   | |  2.3

Action                   |  1- 3 |  4- 6 || total
-------------------------+-------+-------++-------
Melee: Whip              |    45 |    16 ||    61
       Kick              |    13 |     5 ||    18
       Peck              |     3 |     3 ||     6
       Punch             |     1 |       ||     1
 Cast: Foxfire           |    24 |    11 ||    35
  Use: Potion            |       |     2 ||     2
 Stab: Sleeping          |     3 |       ||     3
Armor: Robe              |    13 |     3 ||    16
Dodge: Dodged            |    41 |    23 ||    64

Table legend: (Time is in decaauts)
 A = Elapsed time spent in this place.
 B = Non-inter-level travel time spent in this place.
 C = Inter-level travel time spent in this place.
 D = Time resting spent in this place.
 E = Time spent auto-exploring this place.
 F = Levels seen in this place.
 G = Mean time per level.
                   A        B        C        D        E       F      G
               +--------+--------+--------+--------+--------+-----+--------+
         Total |   2263 |   2156 |    107 |     63 |   1798 |   2 | 1131.5 |
       Dungeon |   2263 |   2156 |    107 |     63 |   1798 |   2 | 1131.5 |
               +--------+--------+--------+--------+--------+-----+--------+

Top non-repeatable levels by time:
     D:1: 1453 daAuts
     D:2: 810 daAuts
